ESL (28 & UNDER)
KINGSTON IGUANAS @ PENQUANNOCK OVERRATED JETER
08/22/2030
 
TOP OF THE 1ST
Kingston Iguanas batting - Pitching for Penquannock Overrated Jeter : RHP Dave Funk
Pitching: RHP Dave Funk
Batting: RHB Ron Campbell 0-0: Ball
1-0: Ball
2-0: Ball
3-0: Base on Balls
Batting: RHB Argan Kamuliva 0-0: Ball
1-0: Ball
2-0: Foul Ball, location: 2F
2-1: Ball
3-1: Base on Balls
Ron Campbell to second
Batting: LHB Gustavo Gómez 0-0: Ball
Ron Campbell steals 3rd base
Argan Kamuliva to second
1-0: Ball
2-0: Foul Ball, location: 2F
2-1: SINGLE (Line Drive, 7S)
Ron Campbell scores
Argan Kamuliva to third
Runner from 3rd tries for Home, SAFE, throw made home
Batting: LHB Marvin MacGruder 0-0: Foul Ball, location: 2F
0-1: Ball
1-1: Swinging Strike
1-2: Strikes out swinging
Batting: RHB Francisco Martínez 0-0: Swinging Strike
0-1: Swinging Strike
0-2: Fly out, F9 (Flyball, 89M)
Batting: RHB Andrés Bustamante 0-0: Ball
1-0: Ball
2-0: Ball
3-0: Base on Balls
Gustavo Gómez to second
Batting: LHB Billy Anderson 0-0: Called Strike
0-1: Ball
1-1: Ball
2-1: Foul Ball, location: 2F
2-2: Strikes out swinging
Top of the 1st over - 2 runs, 1 hit, 0 errors, 2 left on base; Kingston 2 - Penquannock 0
BOTTOM OF THE 1ST
Penquannock Overrated Jeter batting - Pitching for Kingston Iguanas : RHP Rafael Marín
Pitching: RHP Rafael Marín
Batting: LHB Eric Powell 0-0: Foul Ball, location: 2F
0-1: Called Strike
0-2: Ball
1-2: Ball
2-2: Ball
3-2: Foul Ball, location: 2F
3-2: Fly out, F4 (Line Drive, 4MD)
Batting: LHB Francisco Medina 0-0: SINGLE (Groundball, 3D)
Batting: LHB José Morales 0-0: Foul Ball, location: 2F
0-1: Ball
1-1: Called Strike
1-2: Ground out 5-3 (Groundball, 56S)
Francisco Medina to second
Batting: LHB Félix Costa 0-0: Called Strike
0-1: Called Strike
0-2: Ball
1-2: SINGLE (Flyball, 8LS)
Francisco Medina to third
Batting: RHB Antenor Anchieta 0-0: Ball
1-0: Ball
2-0: Called Strike
Félix Costa steals 2nd base
2-1: Foul Ball, location: 2F
2-2: Foul Ball, location: 2F
2-2: Strikes out swinging
Bottom of the 1st over - 0 runs, 2 hits, 0 errors, 2 left on base; Kingston 2 - Penquannock 0
TOP OF THE 2ND
Kingston Iguanas batting - Pitching for Penquannock Overrated Jeter : RHP Dave Funk
Batting: RHB Manuel Gómez 0-0: Fly out, F7 (Flyball, 78M)
Batting: RHB Sergio Mata 0-0: Ground out 5-3 (Groundball, 56S)
Batting: RHB Ron Campbell 0-0: Called Strike
0-1: Called Strike
0-2: Fly out, F7 (Line Drive, 7LM)
Top of the 2nd over - 0 runs, 0 hits, 0 errors, 0 left on base; Kingston 2 - Penquannock 0
BOTTOM OF THE 2ND
Penquannock Overrated Jeter batting - Pitching for Kingston Iguanas : RHP Rafael Marín
Batting: RHB Bobby Hendricks 0-0: Called Strike
0-1: Foul Ball, location: 2F
0-2: Foul Ball, location: 2F
0-2: Fly out, F9 (Flyball, 9LD)
Batting: RHB Phil Wright 0-0: Ground out 3-1 (Groundball, 34)
Batting: RHB Paul Liddle 0-0: Ground out 5-3 (Groundball, 5)
Bottom of the 2nd over - 0 runs, 0 hits, 0 errors, 0 left on base; Kingston 2 - Penquannock 0
TOP OF THE 3RD
Kingston Iguanas batting - Pitching for Penquannock Overrated Jeter : RHP Dave Funk
Batting: RHB Argan Kamuliva 0-0: Ball
1-0: Ball
2-0: Called Strike
2-1: Foul Ball, location: 2F
2-2: Reached on error, E3 (Groundball, 34S)
Batting: LHB Gustavo Gómez 0-0: Called Strike
0-1: Swinging Strike
0-2: Ball
1-2: Strikes out looking
Batting: LHB Marvin MacGruder 0-0: Ball
1-0: DOUBLE (Line Drive, 9LS)
Argan Kamuliva scores
Batting: RHB Francisco Martínez 0-0: Ball
1-0: Swinging Strike
1-1: Swinging Strike
1-2: Foul Ball, location: 2F
1-2: SINGLE (Groundball, 4MD)
Marvin MacGruder to third
Runner from 3rd tries for Home, SAFE, no throw
Batting: RHB Andrés Bustamante 0-0: Ball
1-0: Ball
2-0: Foul Ball, location: 2F
2-1: Ball
3-1: Base on Balls
Francisco Martínez to second
Batting: LHB Billy Anderson 0-0: Ball
1-0: Ball
2-0: Fielders Choice at 2nd, 5-4 (Groundball, 56)
Francisco Martínez to third
Batting: RHB Manuel Gómez 0-0: Ball
1-0: Ground out 4-3 (Groundball, 4)
Top of the 3rd over - 2 runs, 2 hits, 1 error, 2 left on base; Kingston 4 - Penquannock 0
BOTTOM OF THE 3RD
Penquannock Overrated Jeter batting - Pitching for Kingston Iguanas : RHP Rafael Marín
Batting: RHB Guillermo Gracía 0-0: Swinging Strike
0-1: Called Strike
0-2: Ball
1-2: Ball
2-2: Foul Ball, location: 2F
2-2: Foul Ball, location: 2F
2-2: Foul Ball, location: 2F
2-2: Foul Ball, location: 2F
2-2: Foul Ball, location: 2F
2-2: Ground out 5-3 (Groundball, 5S)
Batting: LHB Eric Powell 0-0: Called Strike
0-1: Called Strike
0-2: Strikes out swinging
Batting: LHB Francisco Medina 0-0: Ball
1-0: Ball
2-0: Fly out, F4 (Line Drive, 4)
Bottom of the 3rd over - 0 runs, 0 hits, 0 errors, 0 left on base; Kingston 4 - Penquannock 0
TOP OF THE 4TH
Kingston Iguanas batting - Pitching for Penquannock Overrated Jeter : RHP Dave Funk
Batting: RHB Sergio Mata 0-0: Ball
1-0: Fly out, F4 (Line Drive, 4M)
Batting: RHB Ron Campbell 0-0: Ball
1-0: Ball
2-0: Ball
3-0: Base on Balls
Batting: RHB Argan Kamuliva 0-0: Ball
1-0: Called Strike
1-1: Ball
Pickoff Throw to First - Error! E1
Ron Campbell to second
2-1: Swinging Strike
2-2: Fly out, F7 (Flyball, 7)
Batting: LHB Gustavo Gómez 0-0: Ball
1-0: Foul Ball, location: 2F
1-1: Foul Ball, location: 2F
1-2: Strikes out looking
Top of the 4th over - 0 runs, 0 hits, 1 error, 1 left on base; Kingston 4 - Penquannock 0
BOTTOM OF THE 4TH
Penquannock Overrated Jeter batting - Pitching for Kingston Iguanas : RHP Rafael Marín
Batting: LHB José Morales 0-0: Ball
1-0: Fly out, F7 (Line Drive, 7D)
Batting: LHB Félix Costa 0-0: Called Strike
0-1: Ball
1-1: Ball
2-1: Swinging Strike
2-2: Foul Ball, location: 2F
2-2: Strikes out swinging
Batting: RHB Antenor Anchieta 0-0: Foul Ball, location: 2F
0-1: Foul Ball, location: 2F
0-2: Foul Ball, location: 2F
0-2: Ball
1-2: Strikes out swinging
Bottom of the 4th over - 0 runs, 0 hits, 0 errors, 0 left on base; Kingston 4 - Penquannock 0
TOP OF THE 5TH
Kingston Iguanas batting - Pitching for Penquannock Overrated Jeter : RHP Dave Funk
Batting: LHB Marvin MacGruder 0-0: Called Strike
0-1: Ground out U3 (Groundball, 34)
Batting: RHB Francisco Martínez 0-0: Called Strike
0-1: Foul Ball, location: 2F
0-2: Foul Ball, location: 2F
0-2: SINGLE (Groundball, 56D)
Batting: RHB Andrés Bustamante 0-0: Called Strike
0-1: Ball
1-1: Foul Ball, location: 2F
1-2: SINGLE (Groundball, 4MD)
Francisco Martínez to second
Batting: LHB Billy Anderson 0-0: Foul Ball, location: 2F
0-1: Ball
1-1: Ball
2-1: Foul Ball, location: 2F
2-2: Ball
3-2: Grounds into double play, 6-4-3 (Groundball, 6M)
Top of the 5th over - 0 runs, 2 hits, 0 errors, 1 left on base; Kingston 4 - Penquannock 0
BOTTOM OF THE 5TH
Penquannock Overrated Jeter batting - Pitching for Kingston Iguanas : RHP Rafael Marín
Batting: RHB Bobby Hendricks 0-0: Called Strike
0-1: Ball
1-1: Ball
2-1: Swinging Strike
2-2: Foul Ball, location: 2F
2-2: Strikes out swinging
Batting: RHB Phil Wright 0-0: SINGLE (Line Drive, 7S)
Batting: RHB Paul Liddle 0-0: Called Strike
0-1: Ball
1-1: Fielders Choice at 2nd, 4-6 (Groundball, 34)
Batting: RHB Guillermo Gracía 0-0: SINGLE (Flyball, 89S)
Paul Liddle to second
Batting: LHB Eric Powell 0-0: Called Strike
0-1: Fly out, F9 (Flyball, 9LSF)
Bottom of the 5th over - 0 runs, 2 hits, 0 errors, 2 left on base; Kingston 4 - Penquannock 0
TOP OF THE 6TH
Kingston Iguanas batting - Pitching for Penquannock Overrated Jeter : RHP Dave Funk
Batting: RHB Manuel Gómez 0-0: Ball
1-0: Swinging Strike
1-1: Called Strike
1-2: Strikes out swinging
Batting: RHB Sergio Mata 0-0: Foul Ball, location: 2F
0-1: SINGLE (Groundball, 56D)
Batting: RHB Ron Campbell 0-0: Ball
Sergio Mata is caught stealing 2nd base
1-0: SINGLE (Line Drive, 7LS)
Batting: RHB Argan Kamuliva 0-0: Foul Ball, location: 2F
0-1: Ball
1-1: SINGLE (Flyball, 7S)
Ron Campbell to second
Batting: LHB Gustavo Gómez 0-0: Ball
1-0: Ball
2-0: Ball
3-0: Called Strike
3-1: Foul Ball, location: 2F
3-2: Base on Balls
Ron Campbell to third
Argan Kamuliva to second
Batting: LHB Marvin MacGruder 0-0: Called Strike
0-1: Fly out, F7 (Flyball, 78M)
Top of the 6th over - 0 runs, 3 hits, 0 errors, 3 left on base; Kingston 4 - Penquannock 0
BOTTOM OF THE 6TH
Penquannock Overrated Jeter batting - Pitching for Kingston Iguanas : RHP Rafael Marín
Batting: LHB Francisco Medina 0-0: Called Strike
0-1: Foul Ball, location: 2F
0-2: Strikes out looking
Batting: LHB José Morales 0-0: Foul Ball, location: 2F
0-1: Ground out 4-3 (Groundball, 4)
Batting: LHB Félix Costa 0-0: Swinging Strike
0-1: Ball
1-1: Called Strike
1-2: Foul Ball, location: 2F
1-2: Ball
2-2: Strikes out swinging
Bottom of the 6th over - 0 runs, 0 hits, 0 errors, 0 left on base; Kingston 4 - Penquannock 0
TOP OF THE 7TH
Kingston Iguanas batting - Pitching for Penquannock Overrated Jeter : RHP Dave Funk
Batting: RHB Francisco Martínez 0-0: Ball
1-0: Called Strike
1-1: Foul Ball, location: 2F
1-2: Foul Ball, location: 2F
1-2: Fly out, F9 (Flyball, 9LMF)
Batting: RHB Andrés Bustamante 0-0: Ball
1-0: Ball
2-0: Ball
3-0: Base on Balls
Batting: LHB Billy Anderson 0-0: Foul Ball, location: 2F
0-1: Ball
1-1: Ball
2-1: Fly out, F6 (Popup, 6)
Pitching: LHP Brian Gunther
Batting: RHB Manuel Gómez 0-0: Ball
1-0: Called Strike
1-1: Called Strike
1-2: Ball
2-2: Ball
3-2: Foul Ball, location: 2F
3-2: Foul Ball, location: 2F
3-2: Strikes out looking
Top of the 7th over - 0 runs, 0 hits, 0 errors, 1 left on base; Kingston 4 - Penquannock 0
BOTTOM OF THE 7TH
Penquannock Overrated Jeter batting - Pitching for Kingston Iguanas : RHP Rafael Marín
Batting: RHB Antenor Anchieta 0-0: Ball
1-0: Fly out, F8 (Flyball, 8RD)
Batting: RHB Bobby Hendricks 0-0: Called Strike
0-1: Called Strike
0-2: Ball
1-2: Ball
2-2: SINGLE (Groundball, 6MD)
Batting: RHB Phil Wright 0-0: Called Strike
0-1: Ball
1-1: Grounds into double play, 4-6-3 (Groundball, 4)
Bottom of the 7th over - 0 runs, 1 hit, 0 errors, 0 left on base; Kingston 4 - Penquannock 0
TOP OF THE 8TH
Kingston Iguanas batting - Pitching for Penquannock Overrated Jeter : LHP Brian Gunther
Batting: RHB Sergio Mata 0-0: Ball
1-0: Called Strike
1-1: Ground out 5-3 (Groundball, 56)
Batting: RHB Ron Campbell 0-0: Ball
1-0: Ball
2-0: Ball
3-0: Foul Ball, location: 2F
3-1: Base on Balls
Batting: RHB Argan Kamuliva 0-0: Fly out, F4 (Popup, 4D)
Batting: LHB Gustavo Gómez 0-0: Ball
1-0: Ball
2-0: Called Strike
2-1: Foul Ball, location: 2F
2-2: Strikes out looking
Top of the 8th over - 0 runs, 0 hits, 0 errors, 1 left on base; Kingston 4 - Penquannock 0
BOTTOM OF THE 8TH
Penquannock Overrated Jeter batting - Pitching for Kingston Iguanas : RHP Rafael Marín
Batting: RHB Paul Liddle 0-0: Ball
1-0: Foul Ball, location: 2F
1-1: Called Strike
1-2: Ball
2-2: Ball
3-2: Base on Balls
Batting: RHB Guillermo Gracía 0-0: Ball
1-0: Called Strike
1-1: Swinging Strike
1-2: Strikes out looking
Pitching: RHP Guo-fang Juan
Batting: LHB Eric Powell 0-0: Ball
1-0: Ball
2-0: Foul Ball, location: 2F
2-1: Foul Ball, location: 2F
2-2: Ball
3-2: Base on Balls
Paul Liddle to second
Pitching: LHP Jeff Minnich
Batting: LHB Francisco Medina 0-0: Called Strike
0-1: Ball
1-1: Ball
2-1: SINGLE (Line Drive, 78M)
Paul Liddle to third
Eric Powell to second
Batting: LHB José Morales 0-0: Swinging Strike
0-1: Ball
1-1: SINGLE (Groundball, 6D)
Paul Liddle scores
Eric Powell to third
Francisco Medina to second
Runner from 3rd tries for Home, SAFE, no throw
Pinch Hitting: SHB Martin Goodwin 0-0: Ball
1-0: Swinging Strike
1-1: Foul Ball, location: 2F
1-2: Fly out, F7 (Flyball, 7LM)
Pitching: RHP Ángel Casillas
Pinch Hitting: LHB Matt Reese 0-0: Called Strike
0-1: Ball
1-1: Swinging Strike
1-2: Strikes out looking
Bottom of the 8th over - 2 runs, 2 hits, 0 errors, 2 left on base; Kingston 4 - Penquannock 2
TOP OF THE 9TH
Kingston Iguanas batting - Pitching for Penquannock Overrated Jeter : LHP Brian Gunther
Now at 2B: Ramón Alemán
Now in RF: Matt Reese
Batting: LHB Marvin MacGruder 0-0: Ball
1-0: Ball
2-0: Called Strike
2-1: Ball
3-1: Called Strike
3-2: Foul Ball, location: 2F
3-2: Foul Ball, location: 2F
3-2: SINGLE (Flyball, 8LS)
Batting: RHB Francisco Martínez 0-0: Ball
1-0: Called Strike
1-1: Ball
2-1: SINGLE (Flyball, 89S)
Marvin MacGruder to second
Batting: RHB Andrés Bustamante 0-0: Ball
1-0: Ball
2-0: Foul Ball, location: 2F
2-1: Called Strike
2-2: Foul Ball, location: 2F
2-2: Ball
3-2: Foul Ball, location: 2F
3-2: Base on Balls
Marvin MacGruder to third
Francisco Martínez to second
Pinch Hitting: RHB Rubén Hernández 0-0: Called Strike
0-1: Ball
1-1: Ball
2-1: Foul Ball, location: 2F
2-2: Ball
3-2: Base on Balls
Marvin MacGruder scores
Francisco Martínez to third
Andrés Bustamante to second
Batting: RHB Manuel Gómez 0-0: Called Strike
0-1: Ball
1-1: Ball
2-1: Ball
3-1: Base on Balls
Francisco Martínez scores
Andrés Bustamante to third
Rubén Hernández to second
Batting: RHB Sergio Mata 0-0: Foul Ball, location: 2F
0-1: Ball
1-1: Ball
2-1: Ball
3-1: Called Strike
3-2: Base on Balls
Andrés Bustamante scores
Rubén Hernández to third
Manuel Gómez to second
Batting: RHB Ron Campbell 0-0: Ball
1-0: Fly out, F8 (Flyball, 8LM)
Runner from 3rd tags up, SCORES, throw made
Pitching: RHP Gilbert Bright
Batting: RHB Argan Kamuliva 0-0: Ball
1-0: Ball
2-0: Ball
3-0: Base on Balls
Manuel Gómez to third
Sergio Mata to second
Batting: LHB Gustavo Gómez 0-0: Called Strike
0-1: Ball
1-1: Ball
2-1: Ball
3-1: GRAND SLAM HOME RUN (Flyball, 9D), Distance : 362 ft
Batting: LHB Marvin MacGruder 0-0: Ball
1-0: Swinging Strike
1-1: Ball
2-1: Swinging Strike
2-2: Foul Ball, location: 2F
2-2: Ball
3-2: Base on Balls
Batting: RHB Francisco Martínez 0-0: Foul Ball, location: 2F
0-1: Ball
1-1: Fly out, F7 (Line Drive, 78M)
Batting: RHB Andrés Bustamante 0-0: Ball
1-0: Ball
2-0: Ball
3-0: Called Strike
3-1: Base on Balls
Marvin MacGruder to second
Batting: RHB Rubén Hernández 0-0: SINGLE (Groundball, 4MD)
Marvin MacGruder to third
Andrés Bustamante to second
Runner from 3rd tries for Home, SAFE, no throw
Batting: RHB Manuel Gómez 0-0: Called Strike
0-1: Ball
Wild Pitch!
Andrés Bustamante to third
Rubén Hernández to second
1-1: Foul Ball, location: 2F
1-2: Ground out 1-3 (Groundball, 15S)
Top of the 9th over - 9 runs, 4 hits, 0 errors, 2 left on base; Kingston 13 - Penquannock 2
BOTTOM OF THE 9TH
Penquannock Overrated Jeter batting - Pitching for Kingston Iguanas : RHP Ángel Casillas
Now in LF: Justin McCoy
Batting: RHB Bobby Hendricks 0-0: Ball
1-0: Ball
2-0: Ball
3-0: Base on Balls
Batting: RHB Phil Wright 0-0: Fly out, F3 (Popup, 34S)
Batting: RHB Paul Liddle 0-0: Ball
1-0: Called Strike
1-1: Ball
2-1: SINGLE (Flyball, 8RS)
Bobby Hendricks to second
Batting: RHB Guillermo Gracía 0-0: Foul Ball, location: 2F
0-1: Swinging Strike
0-2: Ball
1-2: Strikes out looking
Batting: LHB Eric Powell 0-0: 3-RUN HOME RUN (Flyball, 9D), Distance : 362 ft
Batting: LHB Francisco Medina 0-0: Ball
1-0: Foul Ball, location: 2F
1-1: Foul Ball, location: 2F
1-2: Strikes out swinging
Bottom of the 9th over - 3 runs, 2 hits, 0 errors, 0 left on base; Kingston 13 - Penquannock 5
Saturday, April 7th, 2018 - OOTP Baseball 18.8 Build 76